 Dungeon Crawl Stone Soup version 0.16.0-17-g811c1d7 (console) character file.

53 gw the Grave Robber (level 3, -2/26 HPs)
             Began as a Vampire Necromancer on Mar 21, 2015.
             Slain by a goblin
             ... wielding a +0 club
             ... led by Robin
              (5 damage)
             ... on level 2 of the Dungeon.
             The game lasted 00:01:59 (1544 turns).

gw the Grave Robber (Vampire Necromancer)           Turns: 1544, Time: 00:01:59

Health: -2/26      AC:  3    Str:  7    XL:     3   Next: 64%
Magic:  0/6        EV: 12    Int: 18    God:
Gold:   47         SH:  0    Dex: 14    Spells: 3 memorised, 2 levels left

rFire  . . .     SeeInvis +     b - +2 short sword
rCold  . . .     Clarity  .     a - +0 robe
rNeg   . . .     SustAb   .     (no shield)
rPois  .         Gourm    .     (no helmet)
rElec  .         Spirit   .     (no cloak)
rCorr  .         Warding  .     d - +0 pair of gloves
rMut   .         Stasis   .     (no boots)
MR     .....                    (no amulet)
Stlth  ++........               (no ring)
                                (no ring)

@: lethally poisoned (-2 -> -7), regenerating quickly, not resistant to hostile
enchantments, unstealthy
A: bottle blood, fangs 3, see invisible, unbreathing
a: no special abilities


You were on level 2 of the Dungeon.
You were full.

You visited 1 branch of the dungeon, and saw 2 of its levels.

You collected 47 gold pieces.

Inventory:

Hand weapons
 b - a +2 short sword (weapon)
Missiles
 g - 16 stones (quivered)
 i - 6 needles of sleeping
Armour
 a - a +0 robe (worn)
 d - a +0 pair of gloves (worn)
Potions
 c - a potion of blood
Books
 h - a book of Necromancy

   Spells                             Type                      Level
   a - Pain                           Necromancy                   1
   b - Animate Skeleton               Necromancy                   1
   c - Vampiric Draining              Necromancy                   3
   d - Regeneration                   Charms/Necromancy            3
   e - Animate Dead                   Necromancy                   4
   f - Control Undead                 Necromancy                   4


   Skills:
 + Level 1.0 Fighting
 + Level 1.0 Short Blades
 + Level 1.2 Armour
 - Level 2.1 Dodging
 - Level 3.0 Stealth
 * Level 2.5 Spellcasting
 + Level 4.6 Necromancy


You had 2 spell levels left.
You knew the following spells:

 Your Spells              Type           Power        Failure   Level  Hunger
a - Pain                  Necr           ###.         2%          1    #......
b - Animate Skeleton      Necr           N/A          2%          1    #......
c - Vampiric Draining     Necr           ###.......   10%         3    ###....


Dungeon Overview and Level Annotations

Branches:
Dungeon (2/15)

Altars:

Annotations:
D:2 Robin


Innate Abilities, Weirdness & Mutations

Your natural rate of healing is unusually fast.
You can bottle blood from corpses.
You have razor-sharp teeth.
You have supernaturally acute eyesight.
You can survive without breathing.


Message History

You kill the goblin!
Robin throws the goblin at you! The goblin hits you but does no damage.
The hobgoblin barely misses you.
Unknown command.
Unknown command.
Unknown command.
Unknown command.
ATTACK MOVE TO (0,-1)
You puncture the goblin!
You kill the goblin!
You feel sick. Robin throws the goblin at you! The goblin hits you.
The goblin hits you but does no damage. The hobgoblin closely misses you.
The goblin barely misses you.
Unknown command.
Unknown command.
Unknown command.
Unknown command.
ATTACK MOVE TO (-1,1)
You closely miss the goblin.
You feel sick. The goblin hits you with a club.
You die...

.... . . #.#.#.#####....
##.#.#... ..(.. ..#.#...
!.... ######.#..... ...(
.......#?. ...#..#
.........####.#..####.#
............<#.)g((....#
........)#######Vg#
...............g.g#
########.......#.#
#.......#.# #.......#.#
##......#.# #..#####.#
##.# .# #.# .


You could see Robin, a hobgoblin (frenzied) and 2 goblins.

Table legend:
 A = Turns spent in this place as a percentage of turns spent in the entire game.
 B = Non-inter-level travel turns spent in this place as a percentage of non-inter-level travel turns spent in the entire game.
 C = Inter-level travel turns spent in this place as a percentage of turns spent in this place.
 D = Turns resting spent in this place as a percentage of non-inter-level travel turns spent in this place.
 E = Turns spent auto-exploring this place as a percentage of non-inter-level travel turns spent in this place.
 F = Non-inter-level travel turns spent in this place divided by the number of levels of this place that you've seen.
                   A       B       C       D       E      F
               +-------+-------+-------+-------+-------+----------------------
         Total | 100.0 | 100.0 |   0.9 |   4.7 |   2.1 | 1139.5
       Dungeon | 100.0 | 100.0 |   0.9 |   4.7 |   2.1 | 1139.5
               +-------+-------+-------+-------+-------+----------------------

Table legend:
 A = Kills in this place as a percentage of kills in entire the game.
 B = Kills by you in this place as a percentage of kills by you in the entire game.
 C = Kills by friends in this place as a percentage of kills by friends in the entire game.
 D = Other kills in this place as a percentage of other kills in the entire game.
 E = Experience gained in this place as a percentage of experience gained in the entire game.
 F = Experience gained in this place divided by the number of levels of this place that you have seen.
                   A       B       C       D       E      F
               +-------+-------+-------+-------+-------+----------------------
         Total | 100.0 | 100.0 | 100.0 |  -nan | 100.0 |  38.5
       Dungeon | 100.0 | 100.0 | 100.0 |  -nan | 100.0 |  38.5
               +-------+-------+-------+-------+-------+----------------------

Vanquished Creatures
  An adder (D:2)
  A giant mite (D:1)
  A worm (D:2)
  5 bats (D:1)
  5 hobgoblins
  5 kobolds (D:1)
  3 giant newts (D:1)
  10 goblins
  2 rats (D:1)
33 creatures vanquished.

Vanquished Creatures (collateral kills)
  A giant gecko (D:1)
1 creature vanquished.

Vanquished Creatures (others)
  A giant newt skeleton (D:1)
  A hobgoblin skeleton (D:1)
  A kobold skeleton (D:1)
  2 rat skeletons (D:1)
5 creatures vanquished.

Grand Total: 39 creatures vanquished

Notes
Turn   | Place    | Note
--------------------------------------------------------------
     0 | D:1      | gw, the Vampire Necromancer, began the quest for the Orb.
     0 | D:1      | Reached XP level 1. HP: 13/13 MP: 3/3
     2 | D:1      | Learned a level 1 spell: Animate Skeleton
   452 | D:1      | Reached XP level 2. HP: 20/20 MP: 2/4
  1291 | D:1      | Reached XP level 3. HP: 20/25 MP: 0/6
  1357 | D:1      | Learned a level 3 spell: Vampiric Draining
  1368 | D:2      | Reached skill level 1 in Armour
  1534 | D:2      | Reached skill level 1 in Fighting
  1536 | D:2      | Noticed Robin
  1539 | D:2      | Reached skill level 1 in Short Blades
  1544 | D:2      | Slain by a goblin

Action                   || total
-------------------------++-------
Melee: Unarmed           ||     1
       Short sword       ||     8
Throw: Tomahawk          ||     7
       Stone             ||     1
 Cast: Pain              ||    48
       Animate Skeleton  ||     7
  Use: Scroll            ||     3
       Potion            ||     2
  Eat: Corpse            ||     8

Vault maps used:
D:1:      minmay_arrival_widening_spiral_wide
D:2:      lemuel_zombie_altar_yredelemnul, first_bread,
          nemelex_xobeh_ov_fountains_minmay, uniq_robin, uniq_terence
